 Dungeon Crawl Stone Soup version 0.26-a0-1138-gef23d1325b (webtiles) character file.

Game seed: 15023745404953134492

8353 Gargoyl the Fighter (level 11, -18/89 HPs)
             Began as a Gnoll Abyssal Knight on Dec 21, 2020.
             Was a High Priest of Lugonu.
             Demolished by Gastronok (27 damage)
             ... on level 1 of the Lair of Beasts.
             The game lasted 00:15:37 (11774 turns).

Gargoyl the Fighter (Gnoll Abyssal Knight)         Turns: 11774, Time: 00:15:37

Health: -18/89     AC: 18    Str: 17    XL:     11   Next: 29%
Magic:  20/20      EV: 10    Int: 16    God:    Lugonu [*****.]
Gold:   1061       SH:  0    Dex: 14    Spells: 22/22 levels left

rFire    + + .     SeeInvis .   n - +5 hand axe (vorpal)
rCold    + + .     Faith    .   (no shield)
rNeg     . . .     Spirit   .   w - +0 chain mail {rPois}
rPois    +         Reflect  .   z - +0 helmet
rElec    .         Harm     .   d - +2 cloak
rCorr    .         Rampage  .   (no gloves)
Will     .....                  (no boots)
Stlth    ..........             t - amulet of Xom's Sleight of Hands {Acrobat rF+ rC+}
HPRegen  0.24/turn              o - ring of protection from cold
MPRegen  0.17/turn              (no ring)

@: mighty, slowed, very slow
A: distributed training, fangs 1, slimy green scales 2, blink, fire resistance
1, strong nose
a: Blink, Renounce Religion, Depart the Abyss, Bend Space, Banish, Corrupt,
Enter the Abyss


You were on level 1 of the Lair of Beasts.
You worshipped Lugonu.
Lugonu was extremely pleased with you.
You visited 2 branches of the dungeon, and saw 11 of its levels.
You visited the Abyss 1 time.
You also visited: Ossuary.

You collected 1163 gold pieces.
You spent 102 gold pieces at shops.

Inventory:

Hand Weapons
 n - a +5 vorpal hand axe (weapon)
 v - a +2 hand axe of flaming
Armour
 d - a +2 cloak (worn)
 w - a +0 chain mail of poison resistance (worn)
 z - a +0 helmet (worn)
Jewellery
 a - an uncursed ring of protection from cold
 o - a ring of protection from cold (left hand)
 t - the amulet of Xom's Sleight of Hands (around neck) {Acrobat rF+ rC+}
   (You found it on level 10 of the Dungeon)

   [amulet of the acrobat]

   It helps you evade while moving and waiting.
   It protects you from fire.
   It protects you from cold.
 x - an uncursed ring of flight
Wands
 e - a wand of random effects (27)
 m - a wand of iceblast (10)
 q - a wand of enslavement (8)
Scrolls
 c - 2 scrolls of teleportation
 g - a scroll of identify
 h - 3 scrolls of fog
 s - 4 scrolls of remove curse
 y - a scroll of blinking
Potions
 b - 2 potions of brilliance
 f - a potion of might
 i - a potion of ambrosia {unknown}
 j - a potion of mutation
 k - 2 potions of cancellation
 l - 8 potions of curing
 p - a potion of haste
 r - a potion of lignification
 u - a potion of flight


   Skills:
 + Level 9.1 Fighting
 + Level 6.1 Short Blades
 + Level 6.1 Long Blades
 + Level 7.7 Axes
 + Level 6.1 Maces & Flails
 + Level 6.1 Polearms
 + Level 6.1 Staves
 + Level 6.1 Slings
 + Level 6.1 Bows
 + Level 6.1 Crossbows
 + Level 6.1 Throwing
 + Level 7.7 Armour
 + Level 6.7 Dodging
 + Level 6.1 Stealth
 + Level 6.1 Shields
 + Level 6.1 Unarmed Combat
 + Level 6.1 Spellcasting
 + Level 5.1 Conjurations
 + Level 5.1 Hexes
 + Level 5.1 Summonings
 + Level 5.1 Necromancy
 + Level 5.1 Translocations
 + Level 5.1 Transmutations
 + Level 5.1 Fire Magic
 + Level 5.1 Ice Magic
 + Level 5.1 Air Magic
 + Level 5.1 Earth Magic
 + Level 5.1 Poison Magic
 + Level 8.2 Invocations
 + Level 6.1 Evocations


You had 22 spell levels left.
You didn't know any spells.
Your spell library contained the following spells:

 Spells                   Type           Power        Failure   Level
 Beastly Appendage        Tmut           42%          19%         1
 Foxfire                  Conj/Fire      84%          19%         1
 Shock                    Conj/Air       84%          19%         1
 Poisonous Vapours        Pois/Air       42%          28%         2
 Wereblood                Tmut           21%          28%         2
 Call Canine Familiar     Summ           21%          50%         3
 Conjure Flame            Conj/Fire      21%          50%         3
 Inner Flame              Hex/Fire       21%          50%         3
 Mephitic Cloud           Conj/Pois/Air  21%          50%         3
 Spider Form              Tmut/Pois      10%          50%         3
 Ice Form                 Ice/Tmut       21%          88%         4
 Sticky Flame             Conj/Fire      21%          88%         4
 Blade Hands              Tmut           10%          99%         5
 Fireball                 Conj/Fire      10%          99%         5
 Lightning Bolt           Conj/Air       10%          99%         5
 Freezing Cloud           Conj/Ice/Air   10%          100%        6


Dungeon Overview and Level Annotations

Branches:
Dungeon (10/15)            Temple (0/1) D:6            Lair (1/6) D:9
    Orc (0/2) D:10        Ossuary (visited)

Altars:
Ashenzari
Cheibriados
Gozag
Okawaru
Vehumet
Xom

Shops:
D:8 [

Annotations:
D:5 1 runed translucent door, Rosaphim's ghost, novice DsMo
Lair:1 Gastronok


Innate Abilities, Weirdness & Mutations

Your experience applies equally to all skills.
You have very sharp teeth.
Your uncanny sense of smell can sniff out nearby items.
You are mostly covered in slimy green scales. (AC +3)
You can translocate small distances at will.
Your flesh is heat resistant. (rF+)


Message History

Your chain mail prevents you from hitting Gastronok.
Gastronok is severely wounded.
Gastronok bites you.
* * * LOW HITPOINT WARNING * * *
Unknown command.
You feel very mighty all of a sudden.
Gastronok waves his eye-stalks in wide circles.
The air twists around and strikes you!!
* * * LOW HITPOINT WARNING * * *
Unknown command.
You slice Gastronok!!
Gastronok is severely wounded.
You slash Gastronok!
Gastronok is almost dead.
Gastronok bites you but does no damage.
Unknown command.
You slash Gastronok!
Gastronok is almost dead.
Gastronok bites you!!
You die...

#......#......## ..# ...
........>......# ..##...
...............##....#..
.....(...................
..........................
........................P.
........................PPP
.........................P.
................@.....PP.P
................w.....PPPP
.....................P.PPPP.
................##....PPPPP..
.....P.P.P.#.#.###....PPPPP.#
...........##### #....PPPP..#
#....P.P.P.### #......P...#
#............# #..รท..PP...#
##..........## #...........


You could see Gastronok (swift).

Vanquished Creatures
  Harold (D:7)
  A hydra (Lair:1)
  An unseen horror (D:10)
  Pikel (D:7)
  A black mamba (Lair:1)
  A troll (D:9)
  A hornet (D:8)
  Grinder (D:6)
  A basilisk (D:10)
  Menkaure (D:7)
  3 wargs (D:9)
  An orc warrior (D:10)
  A swamp drake (D:10)
  3 sky beasts
  3 ice beasts
  2 phantoms
  A black bear (D:8)
  2 ogres
  A necrophage (D:10)
  2 centaurs
  A lemure (D:7)
  A big kobold (D:10)
  4 bullfrogs
  2 scorpions
  6 wights
  A howler monkey (D:10)
  A centaur zombie (Ossuary)
  A bullfrog zombie (D:10)
  7 hounds
  4 jellies
  9 orc priests
  A bullfrog skeleton (D:8)
  14 orc wizards
  2 iguanas
  3 worker ants
  2 big kobold zombies (Ossuary)
  A hound zombie (D:5)
  A hound skeleton (D:4)
  3 mummies (Ossuary)
  A worker ant zombie (D:5)
  6 gnolls
  15 adders
  A white imp (D:10)
  An ufetubus (D:5)
  An ooze (D:5)
  An adder zombie (D:9)
  2 worms
  3 dart slugs
  2 leopard geckos
  47 orcs
  2 ball pythons
  7 giant cockroaches
  A gnoll zombie (Ossuary)
  9 goblins
  5 hobgoblins
  6 jackals
  2 quokkas
  6 bats
  6 frilled lizards
  A goblin zombie (Ossuary)
  11 kobolds
  3 kobold zombies (Ossuary)
  A quokka zombie (D:8)
  4 rats
  A rat zombie (D:8)
238 creatures vanquished.

Vanquished Creatures (others)
  An ogre (D:9)
  An orc (D:10)
  A fungus (Lair:1)
  15 plants
18 creatures vanquished.

Grand Total: 256 creatures vanquished

Notes
Turn   | Place    | Note
-------+----------+-------------------------------------------
     0 | Abyss:1  | Gargoyl the Gnoll Abyssal Knight began the quest for the
                  | Orb.
     0 | Abyss:1  | Reached XP level 1. HP: 23/23 MP: 3/3
    76 | Abyss:2  | Noticed a balrug
    76 | Abyss:2  | Noticed a red devil
    76 | Abyss:2  | Noticed a sun demon
    76 | Abyss:2  | Noticed a red devil
    77 | D:1      | Escaped the Abyss
   134 | D:1      | Reached * piety under Lugonu
   135 | D:1      | Reached XP level 2. HP: 28/29 MP: 5/5
   353 | D:1      | Reached XP level 3. HP: 35/35 MP: 6/6
   948 | D:2      | Reached skill level 1 in Short Blades
   948 | D:2      | Reached skill level 1 in Long Blades
   948 | D:2      | Reached skill level 1 in Maces & Flails
   948 | D:2      | Reached skill level 1 in Polearms
   948 | D:2      | Reached skill level 1 in Staves
   948 | D:2      | Reached skill level 1 in Slings
   948 | D:2      | Reached skill level 1 in Bows
   948 | D:2      | Reached skill level 1 in Crossbows
   948 | D:2      | Reached skill level 1 in Throwing
   948 | D:2      | Reached skill level 1 in Stealth
   948 | D:2      | Reached skill level 1 in Shields
   948 | D:2      | Reached skill level 1 in Unarmed Combat
   948 | D:2      | Reached skill level 1 in Spellcasting
   948 | D:2      | Reached skill level 1 in Evocations
   948 | D:2      | Reached XP level 4. HP: 37/41 MP: 7/7
  1281 | D:2      | Reached ** piety under Lugonu
  1555 | D:2      | Found an opulent altar of Gozag.
  1559 | D:2      | Reached skill level 1 in Conjurations
  1559 | D:2      | Reached skill level 1 in Hexes
  1559 | D:2      | Reached skill level 1 in Summonings
  1559 | D:2      | Reached skill level 1 in Necromancy
  1559 | D:2      | Reached skill level 1 in Translocations
  1559 | D:2      | Reached skill level 1 in Transmutations
  1559 | D:2      | Reached skill level 1 in Fire Magic
  1559 | D:2      | Reached skill level 1 in Ice Magic
  1559 | D:2      | Reached skill level 1 in Air Magic
  1559 | D:2      | Reached skill level 1 in Earth Magic
  1559 | D:2      | Reached skill level 1 in Poison Magic
  1664 | D:2      | Found a snail-covered altar of Cheibriados.
  2193 | D:3      | Reached XP level 5. HP: 45/47 MP: 8/8
  2891 | D:4      | Reached skill level 5 in Invocations
  2932 | D:4      | Reached XP level 6. HP: 53/53 MP: 9/9
  2944 | D:4      | Reached *** piety under Lugonu
  3054 | D:4      | Found a radiant altar of Vehumet.
  3056 | D:4      | Noticed a phantom
  3091 | D:4      | Found a shimmering altar of Xom.
  3094 | D:4      | Found an iron altar of Okawaru.
  3119 | D:4      | Killed a phantom
  3120 | D:4      | Reached skill level 5 in Axes
  3120 | D:4      | Reached skill level 5 in Armour
  3337 | D:4      | Reached XP level 7. HP: 57/59 MP: 10/10
  3598 | D:4      | Reached skill level 7 in Fighting
  3855 | D:5      | Entered Level 5 of the Dungeon
  4030 | D:5      | Found a runed translucent door.
  4030 | D:5      | Noticed Rosaphim's ghost (novice DsMo)
  4198 | D:5      | You fall into a shaft and drop 2 floors!
  4387 | D:6      | Noticed Grinder
  4407 | D:6      | Killed Grinder
  4408 | D:6      | Reached XP level 8. HP: 34/67 MP: 12/12
  5300 | D:6      | Reached **** piety under Lugonu
  5518 | D:6      | Gained mutation: You are partially covered in slimy green
                  | scales. (AC +2) [potion of mutation]
  5518 | D:6      | Gained mutation: You can translocate small distances at
                  | will. [potion of mutation]
  5518 | D:6      | Gained mutation: Your flesh is heat resistant. (rF+)
                  | [potion of mutation]
  5518 | D:6      | Gained mutation: You are mostly covered in slimy green
                  | scales. (AC +3) [potion of mutation]
  5896 | D:6      | Found a staircase to the Ecumenical Temple.
  6263 | D:7      | Noticed Menkaure
  6269 | D:7      | Killed Menkaure
  6460 | D:7      | Noticed Pikel
  6516 | D:7      | Killed Pikel
  6517 | D:7      | Reached XP level 9. HP: 70/73 MP: 13/15
  6558 | D:7      | Noticed Harold
  6580 | D:7      | Killed Harold
  6581 | D:7      | Reached skill level 8 in Fighting
  6581 | D:7      | Reached skill level 5 in Dodging
  7003 | D:8      | Found a sand-covered staircase.
  7010 | Ossuary  | Entered an ossuary
  7262 | D:8      | Found Baguv's Armour Boutique.
  7288 | D:8      | Bought a +0 chain mail of poison resistance for 102 gold
                  | pieces
  7348 | D:8      | Found a broken altar of Ashenzari.
  7355 | D:8      | Noticed a hornet
  7361 | D:8      | Killed a hornet
  7362 | D:8      | Reached XP level 10. HP: 80/80 MP: 17/17
  7646 | D:9      | Identified a scroll of acquirement
  7646 | D:9      | Acquired 585 gold pieces
  7693 | D:9      | Reached skill level 5 in Short Blades
  7693 | D:9      | Reached skill level 5 in Long Blades
  7693 | D:9      | Reached skill level 5 in Maces & Flails
  7693 | D:9      | Reached skill level 5 in Polearms
  7693 | D:9      | Reached skill level 5 in Staves
  7693 | D:9      | Reached skill level 5 in Slings
  7693 | D:9      | Reached skill level 5 in Bows
  7693 | D:9      | Reached skill level 5 in Crossbows
  7693 | D:9      | Reached skill level 5 in Throwing
  7693 | D:9      | Reached skill level 5 in Stealth
  7693 | D:9      | Reached skill level 5 in Shields
  7693 | D:9      | Reached skill level 5 in Unarmed Combat
  7693 | D:9      | Reached skill level 5 in Spellcasting
  7693 | D:9      | Reached skill level 5 in Evocations
  8051 | D:9      | Found a staircase to the Lair.
  8410 | D:9      | HP: 2/82 [orc priest/divine providence (16)]
  9645 | D:10     | Entered Level 10 of the Dungeon
  9948 | D:10     | Noticed a two-headed ogre
  9954 | D:10     | Banished a two-headed ogre
  9990 | D:10     | Got a bound diamond amulet
  9997 | D:10     | Identified Uwoliam's Tome of Air and Creation
 10484 | D:10     | Reached XP level 11. HP: 59/87 MP: 19/19
 10498 | D:10     | Found a staircase to the Orcish Mines.
 10507 | D:10     | Reached ***** piety under Lugonu
 10762 | D:10     | Killed an unseen horror
 10763 | D:10     | Reached skill level 9 in Fighting
 11293 | Lair:1   | Entered Level 1 of the Lair of Beasts
 11294 | Lair:1   | Identified the amulet of Xom's Sleight of Hands {Acrobat
                  | rF+ rC+} (You found it on level 10 of the Dungeon)
 11348 | Lair:1   | Reached skill level 5 in Conjurations
 11348 | Lair:1   | Reached skill level 5 in Hexes
 11348 | Lair:1   | Reached skill level 5 in Summonings
 11348 | Lair:1   | Reached skill level 5 in Necromancy
 11348 | Lair:1   | Reached skill level 5 in Translocations
 11348 | Lair:1   | Reached skill level 5 in Transmutations
 11348 | Lair:1   | Reached skill level 5 in Fire Magic
 11348 | Lair:1   | Reached skill level 5 in Ice Magic
 11348 | Lair:1   | Reached skill level 5 in Air Magic
 11348 | Lair:1   | Reached skill level 5 in Earth Magic
 11348 | Lair:1   | Reached skill level 5 in Poison Magic
 11510 | Lair:1   | Noticed a five-headed hydra
 11524 | Lair:1   | Killed a one-headed hydra
 11567 | Lair:1   | Noticed Gastronok
 11774 | Lair:1   | Demolished by Gastronok

Illustrated notes

Levels and vault maps discovered:
D:1:      eino_arrival_water_cross, layout_loops_ring, chequers_jeans
D:2:      layout_basic, nicolae_overflow_crystal_walls, kennysheep_slug_shrine
D:3:      layout_rooms
D:4:      layout_loops_ring, chequers_temple_overflow_statue_of_worship
D:5:      layout_basic, gup_sewer_entry_bowl, hellmonk_ghost_happy_afterlife,
          minmay_misc_feat_four_crosses
D:6:      layout_layer_cave, temple_statues, minmay_stone_trees_medium,
          uniq_grinder
D:7:      layout_basic, serial_aquarium, aquarium_bridge_straight
          [aquarium_subvault_bridge, aquarium_subvault_balcony,
          aquarium_subvault_bridge, aquarium_subvault_wall], aquarium_window_2,
          aquarium_window_fake, aquarium_view_2e, uniq_pikel, uniq_harold,
          uniq_menkaure
D:8:      layout_cave_pools, old_standard_altar, serial_shops, shop,
          enter_ossuary_4
D:9:      layout_roguey, erik_lair_orcish_takeover
D:10:     layout_long_grid, erik_orc_1, minivault_4, minmay_diamond_spiral
Lair:1:   layout_hall_layers, serial_forest, infiniplex_forest_lined_1,
          infiniplex_forest_lined_ring, infiniplex_forest_straight_1,
          infiniplex_forest_clump_double, infiniplex_forest_lined_room_,
          infiniplex_forest_clump_long, chequers_serial_rivers_micro_c,
          lemuel_old_faithful, uniq_joseph, uniq_gastronok

Skill      XL: |  1  2  3  4  5  6  7  8  9 10 11 |
---------------+----------------------------------+-----
Short Blades   | 1 2 3 4 5 6 |  6.1
Long Blades    | 1 2 3 4 5 6 |  6.1
Maces & Flails | 1 2 3 4 5 6 |  6.1
Polearms       | 1 2 3 4 5 6 |  6.1
Staves         | 1 2 3 4 5 6 |  6.1
Slings         | 1 2 3 4 5 6 |  6.1
Bows           | 1 2 3 4 5 6 |  6.1
Crossbows      | 1 2 3 4 5 6 |  6.1
Throwing       | 1 2 3 4 5 6 |  6.1
Stealth        | 1 2 3 4 5 6 |  6.1
Shields        | 1 2 3 4 5 6 |  6.1
Unarmed Combat | 1 2 3 4 5 6 |  6.1
Spellcasting   | 1 2 3 4 5 6 |  6.1
Evocations     | 1 2 3 4 5 6 |  6.1
Conjurations   | 1 2 3 4 5 |  5.1
Hexes          | 1 2 3 4 5 |  5.1
Summonings     | 1 2 3 4 5 |  5.1
Necromancy     | 1 2 3 4 5 |  5.1
Translocations | 1 2 3 4 5 |  5.1
Transmutations | 1 2 3 4 5 |  5.1
Fire Magic     | 1 2 3 4 5 |  5.1
Ice Magic      | 1 2 3 4 5 |  5.1
Air Magic      | 1 2 3 4 5 |  5.1
Earth Magic    | 1 2 3 4 5 |  5.1
Poison Magic   | 1 2 3 4 5 |  5.1
Dodging        | 3 4 5 6 |  6.7
Invocations    | 5 6 7 8 |  8.2
Axes           | 5 6 7 |  7.7
Armour         | 5 6 7 |  7.7
Fighting       | 7 8 9 |  9.1

Action                   |  1- 3 |  4- 6 |  7- 9 | 10-12 || total
-------------------------+-------+-------+-------+-------++-------
Melee: Hand axe          |    67 |   191 |   300 |   309 ||   867
       Bite              |     4 |    14 |    36 |    30 ||    84
       Punch             |       |       |     6 |     8 ||    14
Invok: Depart the Abyss  |     1 |       |       |       ||     1
       Banish            |       |       |       |     1 ||     1
Evoke: Wand              |       |       |     4 |     8 ||    12
  Use: Scroll            |     4 |     4 |    16 |     8 ||    32
       Potion            |       |       |     1 |     3 ||     4
Armor: Chain mail        |    46 |    95 |     2 |   197 ||   340
       Plate armour      |       |    44 |   230 |       ||   274
Dodge: Dodged            |    32 |    67 |   108 |   162 ||   369

Table legend: (Time is in decaauts)
 A = Elapsed time spent in this place.
 B = Non-inter-level travel time spent in this place.
 C = Inter-level travel time spent in this place.
 D = Time resting spent in this place.
 E = Time spent auto-exploring this place.
 F = Levels seen in this place.
 G = Mean time per level.
                   A        B        C        D        E       F      G
               +--------+--------+--------+--------+--------+-----+--------+
         Total |  11817 |  11160 |    657 |    353 |   8525 |  14 |  844.1 |
       Dungeon |  11151 |  10495 |    656 |    353 |   8145 |  10 | 1115.1 |
          Lair |    384 |    384 |      0 |      0 |    256 |   1 |  384.0 |
         Abyss |     76 |     76 |      0 |      0 |     61 |   2 |   38.0 |
       Ossuary |    205 |    205 |      0 |      0 |     63 |   1 |  205.0 |
               +--------+--------+--------+--------+--------+-----+--------+

Top non-repeatable levels by time:
     D:9: 1922 daAuts
    D:10: 1610 daAuts
     D:2: 1417 daAuts
     D:6: 1373 daAuts
     D:4: 1024 daAuts
     D:7: 965 daAuts
     D:5: 906 daAuts
     D:1: 731 daAuts
     D:3: 700 daAuts
     D:8: 499 daAuts
  Lair:1: 384 daAuts
 Ossuary: 205 daAuts
 Abyss:1: 58 daAuts
 Abyss:2: 18 daAuts
